[Event "*** SCC Grand Prix: Titled Tuesday Blitz"]
[Site "Chess.com"]
[Date "2020.07.07"]
[Round "1"]
[White "Aguiar94"]
[Black "ApoIogiA"]
[Result "1-0"]
[WhiteElo "2511"]
[BlackElo "2119"]
[TimeControl "180+1"]
[EndTime "10:09:07 PDT"]
[Termination "Aguiar94 won by resignation"]

1. e4 c5 2. Nf3 d6 3. d4 cxd4 4. Qxd4 Nf6 5. e5 Nc6 6. Bb5 Qa5+ 7. Nc3 dxe5 8. Bxc6+ bxc6 9. Nxe5 Bb7 10. O-O Rd8 11. Qc4 Qxe5 12. Be3 e6 13. Bxa7 Bd6 14. g3 O-O 15.
Bd4 Qf5 16. f4 c5 17. Bxf6 Qxf6 18. Rad1 Be7 19. Qb5 Ba8 20. Na4 Qg6 21. Qe2 Qe4 22. Qxe4 Bxe4 23. Rc1 Rd2 24. Rf2 Rfd8 25. Nc3 Bxc2 26.
Rxc2 Rxf2 27. Kxf2 Bf6 28. Ne4 Bd4+ 29. Ke2 Rb8 30.
b3 Ra8 31. Kd3 Kf8 32. Kc4 Ke7 33. Rd2 Ra5 34. Nc3 h5 35. Nb5 Be3 36. Rd3 Bg1 37.
Rd2 Be3 38. Re2 Bg1 39. a4 Ra8 40. Rd2 Be3 41. Re2 Bg1 42. h3 Rc8 43. Rg2 Be3 44. Re2 Bg1 45. g4 hxg4 46. hxg4 Kf6 47. Nd6 Rc6 48.
Ne4+ Ke7 49. Rd2 Bd4 50. Rd3 f5 51. gxf5 exf5 52. Ng5 Kf6 53. Rh3 g6 54. Rh8 Kg7 55.
Rh7+ Kg8 56. Rf7 Rd6 57. Rc7 Rb6 58. a5 Rb4+ 59. Kd5 Rxb3 60. a6 Ra3 61. a7 Be3 62.
Rc8+ Kg7 63. a8=Q Rxa8 64. Rxa8 Kf6 65. Ne6 c4 66. Rf8+ Ke7 67. Rc8 g5 68. Rxc4 gxf4 69. Nxf4 Kf6 70. Ne6 f4 71. Nxf4 Kf5 72. Ne6 Bh6 73.
Re4 Bd2 74. Re2 Bc1 75. Rf2+ Kg4 76. Ke4 Kg3 77. Rf7 Kg2 78. Rg7+ 1-0

[Event "*** SCC Grand Prix: Titled Tuesday Blitz"]
[Site "Chess.com"]
[Date "2020.07.07"]
[Round "1"]
[White "random_mango"]
[Black "krzyzan94"]
[Result "1/2-1/2"]
[WhiteElo "2368"]
[BlackElo "2670"]
[TimeControl "180+1"]
[EndTime "10:09:08 PDT"]
[Termination "Game drawn - insufficient material"]

1. e4 e5 2. Nf3 Nc6 3. Bb5 a6 4. Ba4 Nf6 5. O-O Be7 6. Re1 b5 7. Bb3 O-O 8. d4 Nxd4 9. Bxf7+ Rxf7 10. Nxe5 Rf8 11. Qxd4 Bb7 12. Nc3 c5 13. Qd1 d5 14.
exd5 Nxd5 15. Nxd5 Bxd5 16. c4 bxc4 17. Qc2 Bd6 18.
Nxc4 Bxh2+ 19. Kxh2 Qh4+ 20. Kg1 Qxc4 21. Qxc4 Bxc4 22.
b3 Bf7 23. Ba3 Rfc8 24. Rac1 c4 25. bxc4 Rxc4 26. Rxc4 Bxc4 27. Ra1 Re8 28. Bc5 Kf7 29. Be3 h5 30. a3 Re4 31. Rc1 g6 32. g3 Bb5 33.
Rc7+ Ke6 34. Kg2 Ra4 35. Rc3 Kd7 36. Kf3 Bc6+ 37. Ke2 Bd5 38. Kd3 Ke6 39. Bd4 Kf5 40.
Be3 Be4+ 41. Ke2 Ke6 42. f3 Bd5 43. Kf2 Bc4 44. g4 Kd5 45. gxh5 gxh5 46. Kg3 Be2 47. Rc5+ Ke6 48. Rc6+ Kd7 49. Rc3 h4+ 50. Kg2 Bc4 51. Kh3 Be6+ 52. Kg2 h3+ 53. Kg3 Ra5 54. Rc5 Rxa3 55.
Bf4 Ra2 56. Rc7+ Ke8 57. Kh4 Rf2 58. Kg5 Rxf3 59. Ra7 Bc4 60. Kf5 Rf1 61. Ke5 Re1+ 62. Kd6 Re6+ 63. Kc5 Rf6 64. Be5 Rh6 65. Kxc4 Rh5 66. Bh2 a5 67. Kb3 Rg5 68. Ka4 Rg2 69. Bc7 Ra2+ 70. Kb5 h2 71. Bxh2 Rxh2 72. Rxa5 Kd7 73.
Ka6 Kd6 74. Rb5 Kc6 75. Rb6+ Kc7 76. Rb7+ Kc8 77. Rb6 Rh5 78. Rb5 Rh6+ 79. Rb6 Rxb6+ 80.
Kxb6 1/2-1/2

[Event "*** SCC Grand Prix: Titled Tuesday Blitz"]
[Site "Chess.com"]
[Date "2020.07.07"]
[Round "1"]
[White "grunbergmihai"]
[Black "ValentinDragnev"]
[Result "1/2-1/2"]
[WhiteElo "2416"]
[BlackElo "2760"]
[TimeControl "180+1"]
[EndTime "10:09:10 PDT"]
[Termination "Game drawn - insufficient material"]

1. Nf3 e6 2. c4 c5 3. g3 b6 4. Bg2 Bb7 5. O-O Nf6 6. Nc3 a6 7. d4 cxd4 8. Qxd4 d6 9. Rd1 Nbd7 10. b3 Be7 11. e4 O-O 12. Ba3 Nc5 13. e5 dxe5 14. Qxd8 Rfxd8 15. Nxe5 Bxg2 16. Kxg2 Rdc8 17. Bxc5 Bxc5 18. Na4 b5 19. cxb5 axb5 20. Nxc5 Rxc5 21. Nd3 Rc2 22. a4 bxa4 23. bxa4 g5 24. a5 Ne4 25. a6 Rc6 26. Nb4 Rb6 27. Rd4 Nc5 28. Ra5 Nxa6 29. Rxg5+ Kf8 30. Nxa6 Raxa6 31. Rh5 Kg7 32.
Rdh4 h6 33. Rxh6 e5 34. Rh7+ Kf8 35. R4h5 Re6 36. Rf5 Ra7 37. g4 Kg8 38. Rh3 e4 39. Re3 Rae7 40. Kg3 Kg7 41. h4 Rc6 42. h5 Rc1 43.
Rf4 Rc4 44. f3 Rc1 45. Rfxe4 Rd7 46. Re1 Rc2 47. R4e2 Rc3 48. g5 Rdd3 49. Rf2 Rd5 50. Kg4 Rd4+ 51. f4 Rdd3 52. h6+ Kg6 53. f5+ Kh7 54.
Rg1 Rd4+ 55. Rf4 Rd2 56. Rf3 Rd4+ 57. Kg3 Rcc4 58. Kf2 Rd2+ 59. Ke3 Rd5 60. Rf4 Rc3+ 61. Ke4 Rdc5 62. Rgf1 R3c4+ 63. Kf3 Rc3+ 64. Kg4 Rc2 65. R1f3 Rc1 66. Rg3 Re1 67. Rf2 Re4+ 68. Kh5 Re1 69.
g6+ fxg6+ 70. Rxg6 Rh1+ 71. Kg5 Rg1+ 72. Kf6 Rc6+ 73.
Kf7 Rc7+ 74. Kf6 Rc6+ 75. Ke7 Rcxg6 76. fxg6+ Rxg6 77. Rh2 Rxh6 78. Rxh6+ Kxh6 1/2-1/2

[Event "*** SCC Grand Prix: Titled Tuesday Blitz"]
[Site "Chess.com"]
[Date "2020.07.07"]
[Round "1"]
[White "attack2mateU"]
[Black "BJthechessgod"]
[Result "1-0"]
[WhiteElo "2628"]
[BlackElo "2303"]
[TimeControl "180+1"]
[EndTime "10:09:16 PDT"]
[Termination "attack2mateU won by checkmate"]

1. e4 c6 2. Nc3 d5 3. Nf3 Nf6 4. e5 Nfd7 5. e6 fxe6 6. d4 e5 7. dxe5 e6 8. Ne2 Be7 9. Nf4 Nc5 10. h4 O-O 11. g3 Ne4 12. Bd3 Na6 13. Bxe4 dxe4 14. Qxd8 Rxd8 15. Nd2 Nc5 16. O-O Nd7 17. Nxe6 Nxe5 18. Nxd8 Bxd8 19. Nxe4 Bf5 20. Nc3 Bh3 21. Rd1 Bg4 22. Bf4 Bxd1 23. Rxd1 Bf6 24. Ne4 Ng6 25. Nxf6+ gxf6 26. Be3 Ne5 27. h5 Kf7 28. Bf4 Ke6 29. Bxe5 fxe5 30. Kg2 Rf8 31. g4 e4 32. Rd2 Rf3 33. Rd8 Rf4 34. Re8+ Kf7 35. Rb8 Rxg4+ 36.
Kf1 b5 37. Rb7+ Ke6 38. Rxh7 Rh4 39. h6 a5 40. Rh8 Kf7 41. Ke2 Kg6 42. h7 Kg7 43. Rb8 Kxh7 44. Rc8 Rh6 45. Ke3 Kg7 46.
Kxe4 Re6+ 47. Kf5 Re2 48. Rxc6 Rxf2+ 49. Ke5 Kf7 50. Kd4 Ke7 51. Kd3 Kd7 52. Rc5 Rf3+ 53. Ke2 Rh3 54. Rxb5 Rh2+ 55. Kd3 Rh3+ 56. Kd4 Rh2 57.
Rxa5 Rxc2 58. b4 Kc6 59. a4 Kb6 60. Rh5 Ra2 61. Rh6+ Kb7 62. a5 Rc2 63. b5 Rb2 64. Rh7+ Kb8 65. Kc5 Rc2+ 66. Kb6 Rc8 67. a6 Rg8 68.
Ka5 Ka8 69. Rh5 Kb8 70. b6 Rf8 71. Kb5 Rg8 72. Rc5 Rf8 73. Rd5 Rg8 74. Kc6 Rg6+ 75.
Rd6 Rg8 76. Kd7 Rc8 77. Rc6 Rg8 78. Rc7 Rg7+ 79. Kc6 Rg6+ 80. Kc5 Rg5+ 81. Kb4 Rg8 82. a7+ Ka8 83. Rc5 Kb7 84. Kb5 Rf8 85. Rc7+ Ka8 86. Ka6 Rb8 87. axb8=Q+ Kxb8 88. Rc6 Ka8 89. Rc8# 1-0

[Event "*** SCC Grand Prix: Titled Tuesday Blitz"]
[Site "Chess.com"]
[Date "2020.07.07"]
[Round "1"]
[White "GadimbayliA"]
[Black "enzovsky"]
[Result "1/2-1/2"]
[WhiteElo "2894"]
[BlackElo "2453"]
[TimeControl "180+1"]
[EndTime "10:09:19 PDT"]
[Termination "Game drawn - insufficient material"]

1. e4 c5 2. Nf3 d6 3. d4 cxd4 4. Nxd4 Nf6 5. Nc3 a6 6. g3 e5 7.
Nf3 Be7 8. Bg2 O-O 9. O-O b5 10. a4 b4 11. Nd5 Nxd5 12. Qxd5 Ra7 13. Be3 Be6 14. Qd3 Ra8 15. Nd2 Qc7 16. f4 exf4 17.
gxf4 Bd7 18. Rfc1 Bc6 19. c3 Qb7 20. Nc4 bxc3 21. Rxc3 a5 22. Rac1 Bxa4 23. e5 Qa6 24. Nxd6 Qxd3 25. Rxd3 Ra6 26. Bb7 Bd8 27. Bxa6 Nxa6 28. Nb7 Be7 29. Nc5 Bb5 30. Rdd1 h6 31. Nxa6 Bxa6 32. Bc5 Re8 33. Bxe7 Rxe7 34. Rd8+ Kh7 35.
Ra8 Bd3 36. Rxa5 Rb7 37. Ra3 Bf5 38. b3 Kg6 39. Kf2 Kh5 40. Kg3 g5 41. fxg5 hxg5 42. Rc5 Be6 43. Rc3 Rb4 44. Re3 Rg4+ 45. Kf2 Rh4 46.
Kg2 Bd5+ 47. Kg1 Rd4 48. h3 Rb4 49. Kf2 Kg6 50. Ke1 Be6 51. Kd2 Kf5 52. Kc3 Rb8 53.
b4 Rc8+ 54. Kd2 Rb8 55. Kc3 Rc8+ 56. Kb2 Rb8 57. Ra4 Kf4 58. Re1 Bxh3 59. Kc3 Kf3 60.
Kd4 Be6 61. Kc5 g4 62. b5 Rc8+ 63. Kd6 g3 64. Ra3+ Kf2 65. Rb1 Rd8+ 66. Kc7 Rd7+ 67. Kc6 Rd2 68. b6 g2 69. b7 Bd5+ 70. Kc7 Bxb7 71.
Kxb7 g1=Q 72. Rxg1 Kxg1 73. Kc7 Re2 74. Kd6 Rf2 75.
Ra7 Kg2 76. Ra6 Kg3 77. Ke7 Rf5 78. Ra5 Kg4 79. Ra4+ Kg5 80. Ra5 Kg6 81. Ra6+ Kg5 82. Ra5 Kf4 83. Rb5 Rxe5+ 84. Rxe5 Kxe5 85. Kxf7 1/2-1/2

[Event "*** SCC Grand Prix: Titled Tuesday Blitz"]
[Site "Chess.com"]
[Date "2020.07.07"]
[Round "1"]
[White "vpsetter"]
[Black "GMaka"]
[Result "0-1"]
[WhiteElo "2617"]
[BlackElo "2322"]
[TimeControl "180+1"]
[EndTime "10:09:20 PDT"]
[Termination "GMaka won on time"]

1. e4 c6 2. d4 d5 3. Nc3 dxe4 4. Nxe4 Nf6 5. Nxf6+ exf6 6. c3 Bd6 7. Bd3 h5 8.
Ne2 h4 9. Bf4 h3 10. g3 Bg4 11.
Qd2 Qc7 12. Qe3+ Kf8 13. Bxd6+ Qxd6 14. Qf4 Qxf4 15. Nxf4 g5 16. Ne2 Nd7 17. Kd2 Kg7 18. Rhe1 Rae8 19. Ng1 Rxe1 20. Rxe1 Be6 21. c4 f5 22. Nf3 Kf6 23. Ne5 Nxe5 24. Rxe5 Rd8 25. Ke3 b6 26. b4 Rd6 27. Bf1 Rd8 28. Kd3 Rh8 29. Kc3 Rd8 30. f4 gxf4 31. gxf4 Rg8 32. d5 cxd5 33. cxd5 Bd7 34. Bxh3 Rh8 35. Re3 Rh4 36.
Rf3 Ke7 37. Kd4 Kd6 38. a3 f6 39. Bf1 Rxh2 40. Rg3 Rf2 41. Bd3 Rxf4+ 42. Ke3 Rg4 43. Rh3 Kxd5 44. Rh7 Rg3+ 45. Kd2 Kd6 46. Rf7 Ke6 47. Rf8 Ke7 48. Ra8 a5 49. bxa5 bxa5 50. Rxa5 f4 51. Ra7 Kd6 52. Ra6+ Ke7 53. Ra7 Rg2+ 54.
Kc3 Kd6 55. Kd4 f3 56. Ke3 f2 57. Bf1 Rh2 58. Ra6+ Ke5 59. Ra5+ Kd6 60. a4 Bc6 61. Ra6 Kc5 62. a5 f5 63. Ra7 f4+ 64. Kd2 Rh1 65.
Be2 Bb5 0-1

[Event "*** SCC Grand Prix: Titled Tuesday Blitz"]
[Site "Chess.com"]
[Date "2020.07.07"]
[Round "1"]
[White "ArjunErigaisi2003"]
[Black "lolo9292"]
[Result "1-0"]
[WhiteElo "3026"]
[BlackElo "2461"]
[TimeControl "180+1"]
[EndTime "10:09:26 PDT"]
[Termination "ArjunErigaisi2003 won by resignation"]

1. c4 Nf6 2. Nc3 g6 3. Nf3 d6 4. g3 Bg7 5. Bg2 O-O 6. O-O e5 7.
d4 exd4 8. Nxd4 Na6 9. b3 Nc5 10.
Bb2 a5 11. e3 Re8 12. Qc2 h5 13. h3 h4 14. g4 Nxg4 15. hxg4 Bxg4 16. f3 Bd7 17. Qf2 Qg5 18. f4 Qh6 19. Rad1 h3 20. Bf3 c6 21. Kh2 Re7 22. Nc2 Rae8 23. Rxd6 Bf5 24. Bc1 Bxc3 25. Nd4 Bxd4 26. Rxd4 Nd3 27. Rxd3 Bxd3 28. Rg1 f5 29. Rg3 Rh7 30. Qd2 Be4 31.
Bxe4 fxe4 32. Bb2 Qh5 33. Rg5 Qh4 34. Rxg6+ Kf7 35. Rf6+ Qxf6 36. Bxf6 Kxf6 37. Qd6+ Kf5 38. Qc5+ Kg4 39. Qg5+ Kf3 40. f5 Ke2 41. f6 Rf8 42. Qg6 Rhf7 43. Qxe4 Rxf6 44. Qc2+ Kxe3 45. Qc3+ Ke4 46.
Qe1+ Kf5 47. Qf2+ Kg6 48. Qg3+ Kf7 49. Qc7+ Kg8 50. Qxb7 Rg6 51. Qa7 Rg2+ 52. Kxh3 Rg7 53. Qxa5 Rf6 54. Qd8+ Rf8 55. Qd6 Rh7+ 56. Kg2 Rg7+ 57.
Kh3 Rf3+ 58. Kh4 Rff7 59. Qd8+ Kh7 60. Qd3+ Kh6 61. Qe3+ Kg6 62. Qe4+ Kf6 63. Qxc6+ Kf5 64.
Qd5+ Kf4 65. Qd4+ Kf3 66. Qd3+ Kg2 67. Kh5 Rg3 68. Qd5+ Rff3 69. c5 Rh3+ 70. Kg6 Rg3+ 71. Kh5 Rh3+ 72. Kg6 Kf2 73. Qd2+ Kg3 74. c6 Rh2 75.
Qd6+ Kg2 76. c7 Rh8 77. Qd2+ Kh3 78. Qd7+ Kg2 79. c8=Q Rg3+ 80. Kf5 Rh5+ 81. Ke6 Re3+ 82. Kd6 Rd3+ 83. Kc7 Rc3+ 84. Qc6+ 1-0

[Event "*** SCC Grand Prix: Titled Tuesday Blitz"]
[Site "Chess.com"]
[Date "2020.07.07"]
[Round "1"]
[White "dcremisi"]
[Black "Shield12"]
[Result "1/2-1/2"]
[WhiteElo "2444"]
[BlackElo "2826"]
[TimeControl "180+1"]
[EndTime "10:09:27 PDT"]
[Termination "Game drawn - insufficient material"]

1. d4 Nf6 2. Nf3 e6 3. c4 d5 4. Nc3 Bb4 5. cxd5 exd5 6. Bg5 h6 7. Bxf6 Qxf6 8. a3 Bxc3+ 9. bxc3 O-O 10. e3 c5 11. Be2 Bf5 12. O-O Nd7 13. h3 Rfd8 14. Bd3 Be6 15. Rb1 b6 16. Bb5 Nf8 17. Ne5 Rac8 18. Qa4 Bf5 19. Rbc1 Rc7 20. Bd3 Ne6 21.
Bxf5 Qxf5 22. Rfd1 Rdc8 23. Rb1 Ng5 24. Qb3 cxd4 25. cxd4 Rc2 26. Rf1 Ne4 27. Qxd5 Nd2 28. g4 Qe6 29. Qxe6 fxe6 30. Rb4 Nxf1 31. Kxf1 Ra2 32.
Rb3 Rcc2 33. Nd3 Ra1+ 34. Kg2 Rd1 35. Kf3 Kf7 36. Ke4 Rh1 37. a4 Rxh3 38. a5 bxa5 39. Rb7+ Kg8 40. Nf4 Rh4 41. f3 Rh1 42. Nxe6 a4 43.
Rxg7+ Kh8 44. Rxa7 Ra1 45. Kf5 Rc8 46. Kg6 a3 47. d5 Rg8+ 48. Kf6 a2 49. d6 Rd1 50.
Rxa2 Rxd6 51. Ke5 Rb6 52. Rh2 Kh7 53. Nf4 Re8+ 54. Kd4 Rb4+ 55. Kd3 Rb3+ 56. Kd4 Rbxe3 57. g5 Rxf3 58. Rxh6+ Kg8 59. Nh5 Re1 60. Nf6+ Kf7 61. Rh4 Kg6 62. Ne4 Rd1+ 63. Ke5 Re1 64. Rh6+ Kg7 65.
Rh4 Rf8 66. Rg4 Kg6 67. Rh4 Re8+ 68. Kd5 Rd8+ 69. Kc5 Rc8+ 70. Kd5 Rd8+ 71. Kc5 Kf5 72. Nd6+ Kxg5 73. Rd4 Rc1+ 74. Kd5 Rd7 75. Ke6 Rxd6+ 76. Rxd6 Kf4 77. Kd7 Re1 78. Kc6 Re4 79. Kd5 Ke3 80.
Rh6 Rf4 81. Rh3+ Rf3 82. Rh8 Rf2 83. Ke5 Ke2 84. Ke4 Rg2 85. Rh3 Kf2 86. Kf4 Ke2 87. Ra3 Rf2+ 88. Ke4 Kf1 89. Ra1+ Kg2 90. Ra3 Rf1 91.
Ra2+ Rf2 92. Rxf2+ Kxf2 1/2-1/2

[Event "*** SCC Grand Prix: Titled Tuesday Blitz"]
[Site "Chess.com"]
[Date "2020.07.07"]
[Round "1"]
[White "vladislavkovalev"]
[Black "Savva09022009"]
[Result "1-0"]
[WhiteElo "2928"]
[BlackElo "2451"]
[TimeControl "180+1"]
[EndTime "10:09:31 PDT"]
[Termination "vladislavkovalev won on time"]

1. e4 c5 2. Be2 Nc6 3. d3 d6 4. f4 g6 5. Nf3 Bg7 6. O-O e6 7. c3 Nge7 8. Be3 O-O 9. d4 cxd4 10. cxd4 b6 11. Nc3 Bb7 12. Rc1 Rc8 13. a3 a6 14. b4 b5 15. Qb3 Nb8 16. Bd3 Nd7 17. a4 bxa4 18. Nxa4 Nb6 19. Bf2 Nxa4 20. Qxa4 d5 21. e5 Qb6 22. Rc5 Rb8 23. Rfc1 Nc6 24. Rxc6 Bxc6 25. Rxc6 Qxb4 26. Qxb4 Rxb4 27. Rxa6 Rc8 28.
Ra1 Rb3 29. Rd1 Rcc3 30. Be2 Rb2 31. Bf1 Rcb3 32. Ra1 Rb1 33. Rxb1 Rxb1 34. g3 Kf8 35. Kg2 Ke7 36. g4 h6 37. h4 Rb8 38. h5 gxh5 39. gxh5 Kd7 40. Bd3 Bf8 41. f5 Be7 42. f6 Bb4 43.
Be3 Rh8 44. Kf2 Ra8 45. Nh2 Rh8 46. Ng4 Bf8 47. Kf3 Kd8 48. Kg3 Rg8 49. Kh4 Rh8 50. Bb5 Rh7 51. Bd2 Rh8 52. Ba5+ Kc8 53. Bd2 Kd8 54. Ba4 Kc8 55. Bc2 Kd8 56. Bb1 Kd7 57. Bd3 Kd8 58. Bf4 Kd7 59. Bg6 Ke8 60.
Bd2 Rg8 61. Bb1 Rh8 62. Bc1 Kd7 63. Kg3 Kd8 64. Kf3 Kd7 65. Bf4 Kd8 66. Bd3 Kd7 67.
Be3 Kd8 68. Nf2 Kd7 69. Nh3 Rg8 70. Nf4 Rh8 71. Ng6 fxg6 72. hxg6 Rg8 73. Kg4 Ke8 74. Kh5 Kd7 75. Bd2 Kd8 76. Bb5 Kc8 77. Be8 Kc7 78. Bf7 Rh8 79. g7 1-0

[Event "*** SCC Grand Prix: Titled Tuesday Blitz"]
[Site "Chess.com"]
[Date "2020.07.07"]
[Round "1"]
[White "Kildepiotr"]
[Black "elamier"]
[Result "1/2-1/2"]
[WhiteElo "2606"]
[BlackElo "2291"]
[TimeControl "180+1"]
[EndTime "10:09:44 PDT"]
[Termination "Game drawn - insufficient material"]

1. Nf3 d5 2. g3 Nf6 3. Bg2 c6 4. O-O Bf5 5. d3 e6 6. Nbd2 h6 7.
Qe1 Bh7 8. e4 Be7 9. Qe2 O-O 10.
b3 c5 11. Bb2 Nc6 12. Ne5 Nxe5 13. Bxe5 b5 14. f4 dxe4 15. dxe4 Nd7 16. Bb2 c4 17. Rad1 Qc7 18. Bd4 Rfd8 19. Nf3 Nf6 20. Ne5 Rxd4 21.
Rxd4 Bc5 22. c3 Bxd4+ 23. cxd4 Nd7 24. Rc1 Nxe5 25. fxe5 Rc8 26. bxc4 bxc4 27. Rc3 Bg6 28. h4 h5 29. Kh2 Qb7 30. d5 exd5 31. exd5 Qb4 32.
Qe3 Bd3 33. Qd4 Qc5 34. Qxc5 Rxc5 35. Kg1 Kf8 36. Kf2 Ra5 37. a3 Rb5 38. Ke3 Rb2 39.
Bf3 Ke7 40. Kd4 g6 41. Be4 Bf1 42. Kc5 Rb3 43. Rxb3 cxb3 44. Kb4 b2 45. Kc3 Bg2 46. d6+ Ke6 47. Bc2 Bc6 48. Kxb2 Kxe5 49. Bb3 Kxd6 50. Bxf7 Be4 51. Kc3 Kc5 52. Be8 Bf5 53. Kd2 Kd4 54.
Ke2 Kc3 55. Kf3 Kb3 56. a4 a5 57. Kf4 Kb4 58. Kg5 Bb1 59. Bxg6 Bxg6 60. Kxg6 Kxa4 61. Kxh5 Kb5 62. g4 a4 63. g5 a3 64. g6 a2 65. g7 a1=Q 66. g8=N Qe5+ 67. Kh6 Qe6+ 68. Kg7 Qg4+ 69. Kf7 Qxh4 70. Nf6 Kc5 71. Ke6 Qe1+ 72.
Kf5 Qf2+ 73. Ke6 Qe3+ 74. Kf5 Kd6 75. Ne4+ Kd7 76. Nf6+ Kd6 77. Ne4+ Kd5 78. Nf6+ Kd4 79. Ng4 Qe4+ 80. Kg5 Qf3 81. Nf6 Ke5 82. Ng4+ Ke6 83. Nh6 Qg3+ 84. Ng4 Qg2 85. Kf4 Qf2+ 86. Ke4 Qg3 87. Ne3 Qh4+ 88. Kd3 Qg3 89. Ke4 Qxe3+ 90. Kxe3 1/2-1/2

[Event "*** SCC Grand Prix: Titled Tuesday Blitz"]
[Site "Chess.com"]
[Date "2020.07.07"]
[Round "1"]
[White "2346PL"]
[Black "okriak"]
[Result "1/2-1/2"]
[WhiteElo "2407"]
[BlackElo "2738"]
[TimeControl "180+1"]
[EndTime "10:09:48 PDT"]
[Termination "Game drawn - insufficient material"]

1. d4 d5 2. Nf3 Nf6 3. c3 c5 4. e3 Nc6 5. Bd3 Bg4 6. Nbd2 e6 7. O-O Qc7 8. h3 Bh5 9. Be2 Bd6 10. b3 cxd4 11.
exd4 O-O 12. Bb2 Rfd8 13. Rc1 Rac8 14. Re1 Bf4 15. Ne5 Bxe2 16. Qxe2 Nxe5 17. dxe5 Ne4 18.
Nxe4 dxe4 19. Rcd1 Qxe5 20. c4 Qf5 21. g4 Qg6 22. Rxd8+ Rxd8 23. Qxe4 Qxe4 24. Rxe4 Rd2 25.
Bd4 Bb8 26. a4 h6 27. Be3 Rd3 28. Rd4 Rxd4 29. Bxd4 a6 30. Kg2 Kf8 31. Kf3 g6 32.
Ke4 f5+ 33. gxf5 gxf5+ 34. Kd3 Kf7 35. b4 e5 36. Be3 h5 37. b5 Ke6 38. f3 Bc7 39. Bf2 Bd8 40. Be3 Be7 41. Bf2 Bb4 42.
Be3 Kd6 43. Bf2 Bc5 44. Be1 Ke6 45. Bh4 axb5 46. axb5 Kd7 47. Bg3 Kd6 48. Bh4 Bg1 49.
Bf6 Bh2 50. Bd8 Bg1 51. Bf6 Bb6 52. Bg5 Bc5 53. Bf6 Ke6 54. Bg5 Kf7 55. Bd8 Kg6 56.
Bh4 Bg1 57. Bd8 Bf2 58. Be7 Kf7 59. Bd8 Ke6 60. Bg5 Kd6 61. Bd8 Kc5 62. Be7+ Kb6 63. Bf6 Bg3 64. Be7 Ka5 65. Kc3 Ka4 66. Bd6 h4 67.
Bc7 e4 68. f4 Bf2 69. Be5 Be3 70. Bd6 Bc1 71. Bc7 e3 72. Kd3 Kb3 73. Bd8 e2 74. Kxe2 Kxc4 75. Kf3 Kxb5 76. Bxh4 Kc4 77. Bf6 Ba3 78. h4 Bf8 79. h5 b5 80. Kg3 Kd5 81. Kh4 Ke6 82. Be5 Be7+ 83. Kh3 Kf7 84. Kg3 b4 85.
Kf3 b3 86. Ke2 Ba3 87. Kd3 Bc1 88. Bc3 Bxf4 89. Kc4 Be3 90. Kxb3 f4 91. Kc2 f3 92. Kd3 Bc5 93. Be1 f2 94. Bxf2 Bxf2 95. h6 Kg6 96. h7 Kxh7 1/2-1/2

[Event "*** SCC Grand Prix: Titled Tuesday Blitz"]
[Site "Chess.com"]
[Date "2020.07.07"]
[Round "1"]
[White "Artem_Koval"]
[Black "VerdeNotte"]
[Result "1/2-1/2"]
[WhiteElo "2421"]
[BlackElo "2781"]
[TimeControl "180+1"]
[EndTime "10:09:52 PDT"]
[Termination "Game drawn - insufficient material"]

1. e4 e5 2. d4 exd4 3. Bc4 Nf6 4. Nf3 Nc6 5. O-O Nxe4 6. Re1 d5 7. Bxd5 Qxd5 8.
Nc3 Qh5 9. Nxe4 Be6 10. Bg5 Be7 11. Nxd4 Qxd1 12. Raxd1 Nxd4 13. Rxd4 Rd8 14. Ra4 a6 15. Bxe7 Kxe7 16. Nc5 Rd5 17. Nxe6 fxe6 18. Rae4 Rd6 19. f4 Rf8 20. g3 Rf5 21. R1e2 Ra5 22. a3 g6 23. Kf2 Rb5 24. b3 Rbd5 25. Kf3 Rd1 26. a4 h5 27. h3 Kf6 28. g4 Rf1+ 29.
Kg2 Rc1 30. gxh5 gxh5 31. Re5 h4 32. Rh5 Rc6 33. c4 Rc3 34. Rh6+ Kf5 35. Rh5+ Kg6 36. Rxh4 Rxb3 37. Rg4+ Kf6 38. Rh4 Kg6 39. Rg4+ Kf7 40. Rh4 Rxc4 41. Rh7+ Kg6 42. Re7 Rxf4 43. R7xe6+ Rf6 44. Re7 Rc6 45. R2e4 Rc2+ 46. Re2 Rxe2+ 47. Rxe2 a5 48.
Re7 Rb4 49. Rxc7 Kg5 50. Kg3 Rb3+ 51. Kg2 Kf4 52. Rc4+ Ke5 53. Rc5+ Kd4 54. Rxa5 Kc4 55. h4 Rd3 56. h5 Kb4 57. Rb5+ Kxa4 58. Rxb7 Rd5 59.
Rh7 Kb5 60. Kf3 Kc6 61. Kg4 Rd4+ 62. Kf5 Rd5+ 63. Ke6 Rd6+ 64. Kf7 Rd7+ 65. Kg6 Rd6+ 66.
Kf7 Rd7+ 67. Kg8 Rd8+ 68. Kg7 Rd7+ 69. Kh6 Rd6+ 70. Kg5 Rd5+ 71. Kf4 Rd4+ 72. Ke5 Rd5+ 73. Ke4 Ra5 74. h6 Rh5 75. Kf4 Rh1 76. Kg4 Kd6 77.
Kg5 Rg1+ 78. Kf6 Rf1+ 79. Kg7 Ke6 80. Rh8 Rg1+ 81. Kh7 Kf7 82. Ra8 Rg2 83. Ra1 Rg3 84.
Rf1+ Ke7 85. Rf4 Ke6 86. Kh8 Ke7 87. Rf2 Rg6 88. h7 Rg1 89. Rf3 Ke6 90. Ra3 Kf7 91. Ra7+ Kf6 92. Ra2 Rc1 93. Rf2+ Kg6 94. Rg2+ Kf7 95.
Rf2+ Kg6 96. Kg8 Rc8+ 97. Rf8 Rxf8+ 98. Kxf8 Kxh7 1/2-1/2

[Event "*** SCC Grand Prix: Titled Tuesday Blitz"]
[Site "Chess.com"]
[Date "2020.07.07"]
[Round "1"]
[White "Falia-p"]
[Black "jacky72"]
[Result "0-1"]
[WhiteElo "2312"]
[BlackElo "2639"]
[TimeControl "180+1"]
[EndTime "10:09:59 PDT"]
[Termination "jacky72 won by checkmate"]

1. e4 e5 2. Nf3 Nc6 3. Bb5 a6 4. Ba4 d6 5. O-O Bd7 6. d3 g6 7. Nc3 Bg7 8. Nd5 Nce7 9. Bb3 c6 10. Ne3 Nf6 11. h3 O-O 12. c3 Qc7 13. Qc2 h6 14. d4 Be6 15. Bxe6 fxe6 16. dxe5 dxe5 17.
Nc4 Nh5 18. Be3 b5 19. Ncd2 Nf4 20. a4 c5 21. axb5 axb5 22. Rxa8 Rxa8 23. Bxf4 exf4 24. Qb3 Qc6 25. Re1 g5 26. e5 Ng6 27. Ne4 c4 28.
Qc2 Ne7 29. Nf6+ Kf7 30. Qh7 Rh8 31. Qc2 Nf5 32. Rd1 Bxf6 33. exf6 Kxf6 34. Qe2 Qc7 35.
Qe4 Rd8 36. Rxd8 Qxd8 37. Qe5+ Kf7 38. Qxb5 Qd1+ 39. Kh2 Qd5 40. Qxc4 Qd6 41. Qe4 Kf6 42. b4 h5 43. c4 g4 44. hxg4 hxg4 45. c5 Qb8 46. Nd4 g3+ 47. Kg1 Nxd4 48. Qxd4+ Kf5 49. fxg3 fxg3 50. Qd3+ Kf6 51. Qf3+ Ke7 52. Qe4 Qh8 53. Kf1 Qa1+ 54. Ke2 Qb2+ 55. Kf3 Qb3+ 56. Kg4 Qc3 57. Qf4 Kd7 58. Qxg3 Qxb4+ 59. Qf4 Qxc5 60. Qe4 Qf2 61. g3 Ke7 62. Qf4 Qe2+ 63. Kg5 Qb5+ 64. Kg6 Qe8+ 65. Kg5 Qg8+ 66. Kh4 Qh7+ 67. Kg4 Kd7 68. Kf3 Qd3+ 69. Qe3 Qf5+ 70. Qf4 Qh5+ 71. Qg4 Qh1+ 72. Kf4 Kd6 73.
Kg5 e5 74. Qf5 Qc1+ 75. Kg6 Qe3 76. g4 e4 77. g5 Qf3 78. Qf6+ Kd5 79. Qf7+ Kd4 80.
Qd7+ Kc4 81. Qe6+ Kd3 82. Kg7 e3 83. g6 e2 84. Kh7 Qh1+ 85. Kg8 e1=Q 86. Qxe1 Qxe1 87.
g7 Qe8+ 88. Kh7 Qh5+ 89. Kg8 Ke4 90. Kf8 Qf5+ 91. Ke7 Qg6 92. Kf8 Qf6+ 93. Kg8 Kf5 94. Kh8 Kg6 95. Kg8 Qxg7# 0-1

[Event "*** SCC Grand Prix: Titled Tuesday Blitz"]
[Site "Chess.com"]
[Date "2020.07.07"]
[Round "1"]
[White "Grieve72"]
[Black "TargetA"]
[Result "1/2-1/2"]
[WhiteElo "2226"]
[BlackElo "2557"]
[TimeControl "180+1"]
[EndTime "10:09:59 PDT"]
[Termination "Game drawn - insufficient material"]

1. e4 e5 2. Nf3 Nc6 3. Bc4 Bc5 4. O-O Nf6 5. d3 O-O 6. Nbd2 a6 7. h3 d6 8. c3 Ba7 9. a4 Be6 10. Re1 Re8 11. a5 d5 12. exd5 Bxd5 13. Qb3 Bxc4 14.
Nxc4 Qxd3 15. Ncxe5 Nxe5 16. Nxe5 Qd5 17. Qxd5 Nxd5 18.
Bd2 Rad8 19. Rad1 f6 20. Nc4 Kf7 21. Kf1 Rxe1+ 22. Bxe1 c6 23. g3 Bb8 24. Ke2 Re8+ 25. Kf3 Bc7 26. Bd2 g5 27. Re1 Rd8 28. Bc1 h5 29.
Re2 Kg6 30. Re6 Kf5 31. Re2 g4+ 32. hxg4+ hxg4+ 33. Kg2 Rd7 34. Be3 Kg6 35. Bc5 f5 36.
Re6+ Kf7 37. Re1 f4 38. gxf4 Nxf4+ 39. Kf1 Nd3 40. Re4 Nxc5 41. Rxg4 Ne6 42. Ke2 Nf4+ 43. Ke3 Rd3+ 44. Ke4 Rd1 45. Rxf4+ Bxf4 46. Kxf4 Ra1 47.
Ke4 Ke6 48. f4 Re1+ 49. Kd4 Rf1 50. Ke4 Ra1 51. Kd4 Ra4 52. Kc5 Kf5 53. Nd6+ Kxf4 54. b4 Ra3 55. c4 Ke5 56. Nxb7 Rc3 57. Nd8 Kf6 58. Nxc6 Ke6 59. b5 axb5 60. Kxb5 Kd6 61. a6 Rb3+ 62. Nb4 Kc7 63. c5 Rb1 64. Kc4 Ra1 65.
Kb5 Rb1 66. Kc4 Ra1 67. Nd5+ Kc6 68. Nb4+ Kd7 69. Kb5 Kc7 70. Nd5+ Kb8 71. Kb6 Rb1+ 72. Kc6 Ka7 73. Nc7 Rb2 74. Kd6 Rd2+ 75. Kc6 Rh2 76. Kd6 Rh7 77. Kc6 Rh6+ 78. Kd7 Rh7+ 79. Kd6 Kb8 80.
Nd5 Rh6+ 81. Kd7 Rxa6 82. c6 Ra8 83. c7+ Kb7 84. Ne7 Rh8 85. Nc6 Rh7+ 86. Ne7 Rxe7+ 87. Kxe7 Kxc7 1/2-1/2